 Dungeon Sprint DCSS version 0.15-a0-1224-g3833f9c (webtiles) character file.

228 Infinimo the Conjurer (level 5, 0/35 HPs)
             Began as a Mummy Conjurer on June 1, 2014.
             Slain by a jelly (2 damage)
             ... while paralysed by a giant eyeball
             ... in the Dungeon (Sprint V: "Ziggurat Sprint").
             The game lasted 00:01:55 (178 turns).

Infinimo the Conjurer (Mummy Conjurer)               Turns: 178, Time: 00:01:55

HP   0/35        AC  2     Str 11      XL: 5   Next: 71%
MP   9/9         EV  2     Int 27      God:
Gold 0           SH  0     Dex 12      Spells:  2 memorised,  3 levels left

rFire  x . .     SeeInvis .     q - +4,+8 shillelagh "Devastator"
rCold  + . .     Clarity  .     a - +0 robe
rNeg   + + +     rCorr    .     (no shield)
rPois  +         rRot     +     (no helmet)
rElec  .         Spirit   .     (no cloak)
SustAb .         Warding  .     (no gloves)
rMut   .         NoTele   +     (no boots)
Gourm  .                        (no amulet)
MR     .....                    n - +6 ring of intelligence
                                m - +6 ring of intelligence

@: paralysed, not resistant to hostile enchantments, unstealthy
A: no food or potions, fire vulnerability, restore body, cold resistance 1, life
protection 3, poison resistance, torment resistance, unbreathing
a: no special abilities


You were in the Dungeon.
You were not hungry.

You visited 1 branch

Inventory:

Hand weapons
 q - the +4,+8 shillelagh "Devastator" (weapon)
   (You found it in the Dungeon)
Armour
 a - a +0 robe (worn)
 w - a +3 buckler
Magical devices
 j - a wand of disintegration (7)
 t - a wand of cold (0)
 u - a wand of draining (4)
 v - a wand of fire (2)
Scrolls
 b - 4 scrolls of amnesia
 d - 3 scrolls of recharging
 e - 7 scrolls of fog
 f - 5 scrolls of identify
 g - 5 scrolls of remove curse
 h - 4 scrolls of blinking
 i - 2 scrolls of fear
Jewellery
 k - a +6 ring of dexterity
 l - a +6 ring of dexterity
 m - a +6 ring of intelligence (left hand)
 n - a +6 ring of intelligence (right hand)
 o - a +6 ring of strength
 p - a +6 ring of strength
 x - the ring "Tihicun" {rElec Acc+2 Stlth-}
   (You took it off an orc in the Dungeon)

   [ring of loudness]

   It affects your accuracy with ranged weapons and melee attacks (+2).
   It insulates you from electricity.
   It makes you less stealthy.
 A - a +1 ring of strength
Books
 c - a book of Conjurations

   Spells                             Type                      Level
   *Magic Dart                        Conjuration                  1
   Searing Ray                        Conjuration                  2
   Dazzling Spray                     Conjuration/Hexes            3
   Fulminant Prism                    Conjuration/Hexes            4
   *Iskenderun's Mystic Blast         Conjuration                  4
   Iskenderun's Battlesphere          Conjuration/Charms           5
 z - a book of Annihilations This book is beyond your current level of understanding.

   Spells                             Type                      Level
   Poison Arrow                       Conjuration/Poison           6
   Chain Lightning                    Conjuration/Air              8
   Lehudib's Crystal Spear            Conjuration/Earth            8
   Glaciate                           Conjuration/Ice              9
   Fire Storm                         Conjuration/Fire             9
Magical staves
 r - an uncursed staff of energy
 y - an uncursed staff of death
Miscellaneous
 s - a crystal ball of energy


   Skills:
 - Level 1.5 Dodging
 - Level 1.5 Stealth
 - Level 2.0 Spellcasting
 + Level 10.5 Conjurations


You had 3 spell levels left.
You knew the following spells:

 Your Spells              Type           Power        Failure   Level  Hunger
a - Magic Dart            Conj           ####         1%          1    N/A
b - Iskenderun's Mystic   Conj           ######..     1%          4    N/A

Dungeon Overview and Level Annotations

Branches:
Dungeon (1/1)

Altars:
Ashenzari
Cheibriados
Dithmenos
Elyvilon
Fedhas
Gozag
Kikubaaqudgha
Makhleb
Nemelex Xobeh
Okawaru
Qazlal
Sif Muna
Trog
Vehumet
Xom
Yredelemnul
Zin
The Shining One
Beogh
Jiyva
Lugonu


Innate Abilities, Weirdness & Mutations

You do not eat or drink.
Your flesh is vulnerable to fire.
Your flesh is cold resistant.
You are immune to negative energy.
Your system is resistant to poisons.
You are immune to unholy pain and torment.
You can survive without breathing.


Message History

You can move again.
You sock the jelly!
The jelly shudders.
The jelly is moderately wounded. x2
The giant eyeball stares at you.
You shrug off the repeated paralysis!
Unknown command.
You sock the jelly!
The jelly and the ooze shudder.
The jelly is heavily wounded.
The ooze is moderately wounded.
The jelly is heavily wounded.
The jelly and the ooze shudder.
The jelly is severely wounded.
The ooze is heavily wounded.
The jelly is severely wounded.
The jelly hits you.
You are splashed with acid!
The acid burns!
The giant eyeball stares at you.
You suddenly lose the ability to move!
The ooze hits you. x2
The jelly hits you.
You are splashed with acid!
The acid burns!
* * * LOW HITPOINT WARNING * * *
The jelly hits you.
You die...

▓.....▓.....▓▓▓▓▓▓▓
▓▓▓▓▓▓▓▓▓▓▓▓▓▓▓▓▓▓
▓..8©8...▓..8©8...▓
▓..:.[...▓..::)...▓
▓....)...▓....:...▓
▓....|...▓........▓
▓....)...▓...G....▓
▓.▓.)..▓.▓.▓JJ..▓.▓
▓........▓...@....▓
▓▓▓▓▓▓▓▓▓▓▓▓▓▓▓▓▓▓▓


You could see an ooze, a jelly and a giant eyeball.

Vanquished Creatures
  A necrophage (D)
  A jelly (D)
  2 orc priests (D)
  2 orc wizards (D)
  5 orcs (D)
  A bat skeleton (D)
  A giant eyeball (D)
  A giant newt skeleton (D)
  A kobold zombie (D)
15 creatures vanquished.

Notes
Turn   | Place    | Note
--------------------------------------------------------------
     0 | D        | Infinimo, the Mummy Conjurer, began the quest for the Orb.
     0 | D        | Reached XP level 1. HP: 13/13 MP: 3/3
     0 | D        | Found an ancient bone altar of Kikubaaqudgha.
     1 | D        | Found a basalt altar of Yredelemnul.
     1 | D        | Found an iron altar of Okawaru.
     2 | D        | Found a radiant altar of Vehumet.
     2 | D        | Found a shimmering altar of Xom.
     4 | D        | Found a burning altar of Makhleb.
    13 | D        | Found a corrupted altar of Lugonu.
    13 | D        | Found a white marble altar of Elyvilon.
    13 | D        | Found a deep blue altar of Sif Muna.
    14 | D        | Found a roughly hewn altar of Beogh.
    14 | D        | Found a sparkling altar of Nemelex Xobeh.
    20 | D        | Found a bloodstained altar of Trog.
    58 | D        | Entered arena 1.
    60 | D        | Reached skill level 4 in Conjurations
    65 | D        | Entered arena 2.
    65 | D        | Noticed an orc wizard
    66 | D        | Killed an orc wizard
    66 | D        | Reached skill level 6 in Conjurations
    66 | D        | Reached XP level 2. HP: 19/19 MP: 4/4
    66 | D        | Reached XP level 3. HP: 24/24 MP: 6/6
    73 | D        | Got the ring "Tihicun" {rElec Acc+2 Stlth-}
   133 | D        | Entered arena 3.
   133 | D        | Noticed a necrophage
   135 | D        | Killed a necrophage
   135 | D        | Reached skill level 8 in Conjurations
   135 | D        | Reached XP level 4. HP: 30/30 MP: 7/7
   153 | D        | Learned a level 4 spell: Iskenderun's Mystic Blast
   154 | D        | Entered arena 4.
   154 | D        | Noticed an orc priest
   154 | D        | Noticed an orc wizard
   154 | D        | Noticed an orc priest
   156 | D        | Killed an orc wizard
   156 | D        | Reached skill level 9 in Conjurations
   156 | D        | Reached XP level 5. HP: 35/35 MP: 9/9
   157 | D        | Killed an orc priest
   158 | D        | Killed an orc priest
   158 | D        | Reached skill level 10 in Conjurations
   169 | D        | Entered arena 5.
   169 | D        | Noticed a jelly
   169 | D        | Noticed a jelly
   170 | D        | Killed a jelly
   170 | D        | Paralysed by a giant eyeball for 2 turns
   175 | D        | Paralysed by a giant eyeball for 4 turns
   178 | D        | Slain by a jelly

Action                   |  1- 3 |  4- 6 || total
-------------------------+-------+-------++-------
Melee: Shillelagh        |     3 |     7 ||    10
Evoke: Wand              |     4 |     5 ||     9
